 Dungeon Crawl Stone Soup version 0.30.1-3-gfc49f6343a (webtiles) character file.

Game seed: 1751668950828802525

19 Peloso the Shield-Bearer (level 2, -2/27 HPs)
             Began as a Minotaur Fighter on July 19, 2023.
             Slain by Sigmund
             ... wielding a +0 scythe
              (4 damage)
             ... on level 2 of the Dungeon.
             The game lasted 00:01:30 (933 turns).

Peloso the Shield-Bearer (Minotaur Fighter)          Turns: 933, Time: 00:01:30

Health: -2/27      AC:  7    Str: 20    XL:     2   Next: 55%
Magic:  1/1        EV:  9    Int:  5    God:
Gold:   61         SH:  4    Dex:  9    Spells: 1/1 levels left

rFire   . . .        a - +0 long sword
rCold   . . .        c - +0 buckler
rNeg    . . .        b - +0 scale mail
rPois   .            (helmet restricted)
rElec   .            (no cloak)
rCorr   .            (no gloves)
SInv    .            (no boots)
Will    .....        (no amulet) Stlth
                     (no ring)
HPRegen 0.24/turn    (no ring)
MPRegen 0.07/turn

%: no passive effects
@: mighty
A: horns 2, retaliatory headbutt
a: no special abilities


You were on level 2 of the Dungeon.
You visited 1 branch of the dungeon, and saw 2 of its levels.

You collected 61 gold pieces.

Inventory:

Hand Weapons
 a - a +0 long sword (weapon)
Armour
 b - a +0 scale mail (worn)
 c - a +0 buckler (worn)
Jewellery
 g - a ring of ice
Scrolls
 e - a scroll of teleportation {unknown}
 f - a scroll of enchant weapon {unknown}
 h - a scroll of identify {unknown}
 i - a scroll of immolation {unknown}
Potions
 d - a potion of might
 j - a potion of curing


   Skills:
 + Level 3.9 Fighting
 + Level 2.6 Long Blades
 + Level 3.9 Armour
 + Level 4.1 Shields


You had one spell level left.
You didn't know any spells.
Your spell library contained the following spells:

 Spells                   Type           Power      Damage    Failure   Level
 Portal Projectile        Hex/Tloc       0%         N/A       99%         3
 Tukima's Dance           Hex            0%         N/A       99%         3
 Blade Hands              Tmut           0%         N/A       100%        5


Dungeon Overview and Level Annotations

Branches:
Dungeon (2/15)

Altars:

Annotations:
D:2 Sigmund


Innate Abilities, Weirdness & Mutations

You have a pair of horns on your head.
You reflexively headbutt those who attack you in melee.


Message History

The kobold attacks as you move away! The kobold closely misses you.
You are starting to lose your buoyancy.
The kobold attacks as you move away! The kobold barely misses you.
You furiously retaliate!
You headbutt the kobold, but do no damage.
The ball python attacks as you move away!
The ball python bites you but does no damage.
The ball python barely misses you.
You barely miss the ball python.
The ball python bites you but does no damage.
The ball python grabs you. The ball python constricts you.
The ball python bites you but does no damage.
The ball python constricts you. The kobold hits you but does no damage.
You closely miss the ball python. Your headbutt misses the ball python.
The ball python bites you but does no damage.
The ball python constricts you. You block the kobold's attack.
You block the ball python's attack. The ball python constricts you.
You feel very mighty all of a sudden. Something hits you.
You block the kobold's attack.
The ball python bites you but does no damage.
The ball python constricts you.
You hit the ball python.
You kill the ball python!
The kobold hits you but does no damage.
You hear some strange, mumbled words.
A puff of flame appears from out of thin air!
The puff of flame hits you. The kobold hits you but does no damage.
You closely miss the goblin.
You float gracefully downwards.
Something hits you. The kobold hits you but does no damage.
The goblin hits you but does no damage.
You closely miss the goblin. The kobold barely misses you.
The goblin misses you. Something completely misses you.
You barely miss the goblin. Your headbutt misses the goblin.
The goblin barely misses you. You block the kobold's attack.
Something hits you!
* * * LOW HITPOINT WARNING * * *
You hit the goblin.
You kill the goblin!
You block the kobold's attack. x2; Something hits you.
You die...

########{# #.# #.# ###)#
####.... #..g.#.#
##.####.#
##########..##....
#######@){.......###.##.
#.......K............##.
###.##...################.
#......### #. ######## ##
#


You could see a kobold.

Vanquished Creatures
  A bat (D:1)
  3 endoplasms (D:1)
  2 giant cockroaches (D:1)
  3 goblins
  2 hobgoblins
  3 kobolds
  A ball python (D:2)
  2 frilled lizards (D:1)
  A rat (D:1)
18 creatures vanquished.

Notes
Turn   | Place    | Note
-------+----------+-------------------------------------------
     0 | D:1      | Peloso the Minotaur Fighter began the quest for the Orb.
     0 | D:1      | Reached XP level 1. HP: 19/19 MP: 0/0
   175 | D:1      | Reached XP level 2. HP: 27/27 MP: 1/1
   198 | D:1      | Reached skill level 4 in Shields
   301 | D:1      | Found a faded altar of an unknown god.
   889 | D:2      | Noticed Sigmund
   933 | D:2      | Slain by Sigmund

Illustrated notes

Levels and vault maps discovered:
D:1:      minmay_arrival_open_corners, layout_basic,
          shapermc_ecumenical_altar_mp_highgroup
D:2:      layout_rooms, serial_shops, shop, st_stairs_1, uniq_sigmund,
          uniq_terence

Skill      XL: |  1  2 |
---------------+-------+-----
Shields        | 4 |  4.1
Fighting       | |  3.9
Long Blades    | |  2.6
Armour         | |  3.9

Action                     || total
---------------------------++-------
  Melee: Long sword        ||    47
         Headbutt          ||     3
    Use: Potion            ||     5
         Scroll            ||     1
 Armour: Scale mail        ||    30
  Dodge: Dodged            ||    31
  Block: Buckler           ||    14
